 Dungeon Crawl Stone Soup version 0.29-a0-841-g116ddc6ace (webtiles) character file.

Game seed: 5890696001693531190

4 xian the Gusty (level 1, 0/13 HPs)
             Began as a Formicid Air Elementalist on July 14, 2022.
             Slain by a jackal (2 damage)
             ... on level 1 of the Dungeon.
             The game lasted 00:00:51 (198 turns).

xian the Gusty (Formicid Air Elementalist)           Turns: 198, Time: 00:00:51

Health: 0/13       AC:  2    Str: 12    XL:     1   Next: 66%
Magic:  0/3        EV: 12    Int: 14    God:
Gold:   19         SH:  0    Dex: 14    Spells: 3/4 levels left

rFire   . . .      SeeInvis +   (no weapon)
rCold   . . .      Faith    .   (no shield)
rNeg    . . .      Spirit   .   a - +0 robe
rPois   .          Reflect  .   (helmet unavailable)
rElec   .          Harm     .   (no cloak)
rCorr   .          Rampage  .   (no gloves)
Will    .....                   (no boots)
Stlth   ++........              (no amulet)
HPRegen 0.04/turn               (no ring)
MPRegen 0.08/turn               (no ring)

@: no status effects
A: permanent stasis, dig shafts and tunnels, antennae 3, four strong arms
a: Dig, Shaft Self


You were on level 1 of the Dungeon.
You visited 1 branch of the dungeon, and saw 1 of its levels.

You collected 19 gold pieces.

Inventory:

Armour
 a - a +0 robe (worn)
Scrolls
 c - a scroll of acquirement {unknown}
Potions
 b - a potion of magic


   Skills:
 + Level 1.8 Dodging
 + Level 2.4 Stealth
 + Level 2.2 Spellcasting
 + Level 0.8 Conjurations
 + Level 2.6 Air Magic


You had 3 spell levels left.
You knew the following spells:

 Your Spells              Type           Power      Damage    Failure   Level
a - Shock                 Conj/Air       24%        1d4       12%         1

Your spell library contained the following spells:

 Spells                   Type           Power      Damage    Failure   Level
 Static Discharge         Conj/Air       6%         3-4/arc   17%         2
 Airstrike                Air            4%         0-3+      63%         4
 Swiftness                Air            Unusable   N/A       N/A         3

Dungeon Overview and Level Annotations

Branches:
Dungeon (1/15)

Altars:


Innate Abilities, Weirdness & Mutations

You cannot be hasted, slowed, berserked, paralysed or teleported.
You can dig through walls and to a lower floor.
You have a pair of large antennae on your head. (SInv)
Your four strong arms can wield two-handed weapons with a shield.


Message History

The jackal bites you but does no damage.
The jackal misses you.
You miss the jackal.
The jackal is almost dead.
The jackal closely misses you.
You closely miss the jackal. You punch the jackal, but do no damage.
The jackal is almost dead.
The jackal closely misses you.
You are out of magic!
You hit the jackal.
You kill the jackal!
You see here a jackal corpse.
You now have 19 gold pieces (gained 4).
You see here a jackal corpse.
A jackal comes into view.
The zap misses the jackal.
The jackal barks!
You hear a bark!
You hear a shout!
You hear a bark!
The zap hits the jackal.
The jackal is lightly wounded.
The jackal closely misses you. The jackal attacks as you move away!
The jackal completely misses you.
A jackal comes into view.
The jackal bites you but does no damage.
The jackal attacks as you move away! The jackal bites you.
A jackal comes into view.
The jackal bites you. The jackal closely misses you.
The jackal barely misses you. The jackal attacks as you move away!
The jackal closely misses you. The jackal barely misses you.
The zap misses the jackal. x2; The zap hits the jackal.
The jackal is lightly wounded.
The jackal barely misses you. The jackal bites you.
You hit the jackal.
The jackal is moderately wounded.
The jackal bites you.
* * * LOW HITPOINT WARNING * * *
The jackal bites you but does no damage.
The jackal attacks as you move away! The jackal bites you.
You die...

#.# { #.## #.# ...#
#.# ##..# #.. ###
....# #.# ##h## #.
.##.#
#.#######h#.#####....
.##.#
#.......@###h........
.##.#####.#####.##
##h###...#
.......[.......##
##.# #
..#..#######.##.##
##.## .†...#
#.###.###h## ..##.#
#.# ##.#h## †###.#
#.# ##.## .# #.#
####.#####.# .# #.#
#...h..h...#######.


You could see 2 jackals.

Vanquished Creatures
  A jackal (D:1)
  A quokka (D:1)
  2 rats (D:1)
4 creatures vanquished.

Notes
Turn   | Place    | Note
-------+----------+-------------------------------------------
     0 | D:1      | xian the Formicid Air Elementalist began the quest for the
                  | Orb.
     0 | D:1      | Reached XP level 1. HP: 13/13 MP: 3/3
   198 | D:1      | Slain by a jackal

Illustrated notes

Levels and vault maps discovered:
D:1:      moated_graveyard_arrival, layout_loops_ring

Action                   || total
-------------------------++-------
Melee: Unarmed           ||    10
       Punch             ||     1
 Cast: Shock             ||    12
Armor: Robe              ||     3
Dodge: Dodged            ||    15

Table legend: (Time is in decaauts)
 A = Elapsed time spent in this place.
 B = Non-inter-level travel time spent in this place.
 C = Inter-level travel time spent in this place.
 D = Time resting spent in this place.
 E = Time spent auto-exploring this place.
 F = Levels seen in this place.
 G = Mean time per level.
                   A        B        C        D        E       F      G
               +--------+--------+--------+--------+--------+-----+--------+
         Total |    198 |    198 |      0 |      0 |    138 |   1 |  198.0 |
       Dungeon |    198 |    198 |      0 |      0 |    138 |   1 |  198.0 |
               +--------+--------+--------+--------+--------+-----+--------+

Top non-repeatable levels by time:
     D:1: 198 daAuts
